 Dungeon Crawl Stone Soup version 0.30.0-17-ge0270778cf (webtiles) character file.

Game seed: 14056405630256900928

145 KamiKatze the Ruffian (level 5, -1/53 HPs)
             Began as a Troll Cinder Acolyte on May 21, 2023.
             Was a High Priest of Ignis.
             Slain by an orc wizard
             ... wielding a +0 dagger
              (3 damage)
             ... on level 3 of the Dungeon.
             The game lasted 00:07:22 (1791 turns).

KamiKatze the Ruffian (Troll Cinder Acolyte)        Turns: 1791, Time: 00:07:23

Health: -1/53      AC:  6    Str: 24    XL:     5   Next: 6%
Magic:  6/6        EV:  9    Int: 10    God:    Ignis [*****.]
Gold:   142        SH:  0    Dex:  5    Spells: 4/6 levels left

rFire   + +          .
                       - Unarmed
rCold   . . .        (no shield)
rNeg    . . .        a - +0 robe
rPois   .            (helmet restricted)
rElec   .            i - +1 cloak
rCorr   .            (gloves unavailable)
SInv    .            (boots unavailable)
Will    .....        (no amulet)
Stlth   +            n - ring of protection from fire
HPRegen 1.08/turn    (no ring)
MPRegen 0.10/turn

%: no passive effects
@: no status effects
A: large, unfitting armour, claws 3, regeneration 1, shaggy fur 1, tough skin 1
a: Renounce Religion, Fiery Armour, Foxfire Swarm, Rising Flame


You were on level 3 of the Dungeon.
You worshipped Ignis.
Ignis was extremely pleased with you.
You visited 1 branch of the dungeon, and saw 3 of its levels.

You collected 142 gold pieces.

Inventory:

Hand Weapons
 j - the +5 dagger "Gumipief" {heavy, Str+2}
   (You found it on level 2 of the Dungeon)

   Str:       It affects your strength (+2).
Armour
 a - a +0 robe (worn)
 i - a +1 cloak (worn)
Jewellery
 n - a ring of protection from fire (left claw)
Scrolls
 e - a scroll of fog {unknown}
 h - a scroll of enchant weapon {unknown}
 k - a scroll of poison {unknown}
 m - a scroll of identify {unknown}
 o - a scroll of teleportation {unknown}
 p - a scroll of torment {unknown}
Potions
 b - a potion of flight {unknown}
 c - a potion of invisibility
 d - 2 potions of curing
 f - a potion of brilliance {unknown}
 g - a potion of heal wounds {unknown}
 l - 2 potions of cancellation {unknown}


   Skills:
 + Level 3.0 Fighting
 + Level 1.2 Dodging
 * Level 4.1 Unarmed Combat
 + Level 1.4 Spellcasting
 + Level 2.6 Fire Magic


You had 4 spell levels left.
You knew the following spells:

 Your Spells              Type           Power      Damage    Failure   Level
a - Scorch                Fire           12%        2d6       17%         2

Your spell library contained the following spells:

 Spells                   Type           Power      Damage    Failure   Level


Dungeon Overview and Level Annotations

Branches:
Dungeon (3/15)

Altars:


Innate Abilities, Weirdness & Mutations

You are too large for most types of armour.
You have claws for hands.
Your natural rate of healing is unusually fast.
You are covered in fur. (AC +1)
You have tough skin. (AC +1)


Message History

The gnoll hits you from afar with a +0 halberd.
The orc hits you with a +0 whip.
Unknown command.
You closely miss something. Something hits you but does no damage.
The gnoll barely misses you.
You hear some strange, mumbled words.
You are confused.
The orc hits you but does no damage.
Unknown command.
You closely miss the orc.
You hear some strange, mumbled words.
Something tries to affect you, but you resist.
Something hits you.
The gnoll hits you from afar with a +0 halberd.
The orc completely misses you.
Unknown command.
You bump into the rock wall.
Something hits you. Something hits you but does no damage.
The gnoll hits you from afar with a +0 halberd!
* * * LOW HITPOINT WARNING * * *
The orc closely misses you.
You miss something.
Something hits you but does no damage. x2
The gnoll hits you from afar with a +0 halberd!
* * * LOW HITPOINT WARNING * * *
The orc hits you but does no damage.
Unknown command.
You barely miss the orc.
You feel better.
Something hits you but does no damage. x2
The gnoll hits you but does no damage. The orc hits you but does no damage.
You closely miss something.
You hear some strange, mumbled words.
A magic dart appears from out of thin air!
The magic dart hits you.
* * * LOW HITPOINT WARNING * * *
Something hits you but does no damage.
The gnoll hits you from afar with a +0 halberd!
* * * LOW HITPOINT WARNING * * *
The orc hits you but does no damage.
You miss something. Something hits you but does no damage. Something hits you.
You die...

........################
........................
........################
........# #.......#
#######.#######
....>..(.......
.#.#.##{######. #
#@{o.$... ##o......


gg..... ....... ....... ....... ########### #<......# #######.# You could see 2
gnolls and 2 orcs.

Vanquished Creatures
  Natasha (thrice) (D:2)
  2 adders (D:2)
  A gnoll (D:3)
  A worm (D:2)
  An orc (D:3)
  4 ball pythons (D:1)
  3 endoplasms
  A giant cockroach (D:1)
  2 hobgoblins
  A kobold (D:2)
  2 quokkas
  3 bats (D:1)
  5 frilled lizards
  6 goblins
  7 rats
42 creatures vanquished.

Notes
Turn   | Place    | Note
-------+----------+-------------------------------------------
     0 | D:1      | KamiKatze the Troll Cinder Acolyte began the quest for the
                  | Orb.
     0 | D:1      | Reached XP level 1. HP: 22/22 MP: 1/1
   290 | D:1      | Reached XP level 2. HP: 29/29 MP: 2/2
   301 | D:1      | Learned a level 2 spell: Scorch
   859 | D:2      | Reached XP level 3. HP: 36/36 MP: 3/3
  1167 | D:2      | Identified the +5 dagger "Gumipief" {heavy, Str+2}
  1263 | D:2      | Found a faded altar of an unknown god.
  1374 | D:2      | Noticed Natasha
  1377 | D:2      | Killed Natasha
  1378 | D:2      | Reached XP level 4. HP: 41/44 MP: 4/4
  1479 | D:2      | Noticed Natasha
  1490 | D:2      | Killed Natasha
  1491 | D:2      | Reached skill level 1 in Dodging
  1579 | D:2      | Noticed Natasha
  1584 | D:2      | Killed Natasha
  1585 | D:2      | Reached skill level 4 in Unarmed Combat
  1781 | D:3      | Reached XP level 5. HP: 47/53 MP: 6/6
  1790 | D:3      | HP: 1/53 [gnoll/+0 halberd (10)]
  1791 | D:3      | Slain by an orc wizard

Illustrated notes

Levels and vault maps discovered:
D:1:      lightli_arrival_farm, layout_basic, kennysheep_small_spiral
D:2:      layout_basic, dreamdust_ecumenical_altar_angels_and_demons,
          uniq_natasha
D:3:      layout_basic, grunt_temple_overflow_diamond

Skill      XL: |  1  2  3  4 |
---------------+-------------+-----
Dodging        | 1 |  1.2
Unarmed Combat | 4 |  4.1
Fighting       | 3 |  3.0
Spellcasting   | |  1.4
Fire Magic     | |  2.6

Action                     |  1- 3 |  4- 6 || total
---------------------------+-------+-------++-------
  Melee: Unarmed           |    95 |    32 ||   127
    Use: Potion            |       |     1 ||     1
 Armour: Robe              |    28 |    21 ||    49
  Dodge: Dodged            |    35 |    19 ||    54
